Map: King Sejong Station LE

Players

Neeblet (Neeb) - Winner!

  • Race: Protoss Protoss

Patience

  • Race: Protoss Protoss

Event: 2016 WCS Global Finals

VOD

Have the link to the VOD?

Description

Time

  • Played on: Oct. 27, 2016, 1:42 p.m.
  • Length: 15:29

All games in this series

Show
View Real Time Build Order
Export as new Build Order

Neeblet Protoss - Winner!

Build Orders: Blink Stalkers 

Get SALT Encoding   

  12  0:00  Probe (Chrono Boost)  
  13  0:11  Probe (Chrono Boost)  
  14  0:17  Pylon  
  14  0:22  Probe (Chrono Boost)  
  16  0:35  Probe (Chrono Boost)  
  16  0:37  Gateway  
  16  0:46  Probe (Chrono Boost)  
  16  0:48  Assimilator  
  17  0:51  Assimilator  
  17  0:56  Probe (Chrono Boost)  
  18  1:04  Gateway  
  18  1:08  Probe (Chrono Boost)  
  20  1:18  Probe (Chrono Boost)  
  20  1:23  Cybernetics Core  
  20  1:29  Probe (Chrono Boost)  
  21  1:33  Pylon  
  21  1:39  Probe (Chrono Boost)  
  22  1:48  Warp Gate  
  22  1:50  Probe (Chrono Boost)  
  23  2:01  Mothership Core (Chrono Boost)  
  25  2:06  Stalker  
  25  2:07  Stalker  
  29  2:13  Pylon  
  29  2:36  Stalker x2  
  33  3:03  Probe (Chrono Boost)  
  33  3:04  Pylon  
  34  3:14  Twilight Council  
  34  3:15  Nexus, Probe (Chrono Boost)  
  36  3:27  Probe (Chrono Boost)  
  36  3:35  Pylon, Blink  
  36  3:38  Probe (Chrono Boost)  
  38  3:49  Probe (Chrono Boost)  
  38  3:53  Stalker  
  38  3:55  Stalker  
  42  4:01  Probe (Chrono Boost)  
  43  4:13  Pylon  
  43  4:14  Probe (Chrono Boost)  
  44  4:23  Robotics Facility  
  44  4:26  Probe (Chrono Boost)  
  42  4:31  Probe (Chrono Boost)  
  42  4:37  Stalker  
  42  4:38  Probe (Chrono Boost)  
  46  4:42  Probe (Chrono Boost)  
  47  4:50  Probe (Chrono Boost)  
  47  4:52  Stalker  
  51  4:53  Probe (Chrono Boost)  
  51  5:02  Probe (Chrono Boost)  
  51  5:03  Probe (Chrono Boost)  
  53  5:07  Observer  
  53  5:13  Assimilator  
  56  5:14  Probe (Chrono Boost)  
  56  5:16  Probe (Chrono Boost)  
  56  5:17  Assimilator, Forge  
  56  5:20  Sentry  
  56  5:21  Sentry  
  60  5:25  Pylon  
  60  5:26  Observer, Probe (Chrono Boost)  
  60  5:28  Probe (Chrono Boost)  
  63  5:38  Probe (Chrono Boost)  
  63  5:40  Probe (Chrono Boost)  
  65  5:44  Immortal  
  65  5:46  Gateway  
  70  5:54  Adept, Pylon  
  70  5:57  Pylon  
  71  6:00  Sentry  
  73  6:05  Protoss Ground Weapons Level 1  
  72  6:15  Stalker  
  72  6:17  Probe x2 (Chrono Boost)  
  72  6:18  Immortal  
  80  6:26  Sentry  
  80  6:29  Probe (Chrono Boost)  
  80  6:30  Probe (Chrono Boost)  
  84  6:37  Pylon  
  84  6:38  Stalker  
  86  6:41  Probe (Chrono Boost), Resonating Glaives  
  87  6:53  Probe (Chrono Boost)  
  87  6:54  Probe (Chrono Boost)  
  89  6:55  Gateway  
  89  6:57  Gateway  
  89  6:59  Gateway  
  89  7:17  Nexus  
  89  7:19  Pylon  
  89  7:20  Probe x2 (Chrono Boost)  
  89  7:21  Immortal  
  95  7:32  Probe (Chrono Boost)  
  95  7:34  Robotics Bay  
  96  7:39  Probe (Chrono Boost)  
  96  7:43  Adept x2  
  102  7:44  Protoss Ground Weapons Level 2, Probe (Chrono Boost)  
  102  7:50  Pylon  
  103  7:51  Probe (Chrono Boost)  
  103  7:56  Probe (Chrono Boost)  
  103  7:57  Adept  
  106  7:59  Observer  
  106  8:03  Probe (Chrono Boost)  
  108  8:09  Probe (Chrono Boost)  
  109  8:15  Probe (Chrono Boost)  
  109  8:17  Disruptor  
  111  8:21  Probe (Chrono Boost)  
  111  8:26  Assimilator  
  113  8:27  Adept, Probe (Chrono Boost)  
  113  8:28  Adept  
  113  8:30  Probe (Chrono Boost)  
  113  8:31  Assimilator  
  118  8:37  Photon Cannon  
  121  8:41  Probe x3 (Chrono Boost)  
  121  8:47  Photon Cannon  
  121  8:50  Disruptor  
  121  8:57  Stalker  
  114  9:08  Probe x2 (Chrono Boost)  
  114  9:11  Probe (Chrono Boost)  
  114  9:15  Photon Cannon  
  113  9:17  Stalker  
  113  9:18  Stalker  
  113  9:20  Probe (Chrono Boost)  
  113  9:22  Disruptor  
  121  9:35  Stalker  
  121  9:36  Stalker x3  
  127  9:43  Adept  
  127  9:44  Adept  
  131  9:48  Protoss Ground Weapons Level 3  
  131  9:50  Pylon  
  131  9:52  Robotics Facility  
  131  9:56  Pylon  
  131  9:57  Pylon  
  133  10:00  Probe (Chrono Boost)  
  133  10:01  Probe (Chrono Boost)  
  133  10:03  Disruptor  
  133  10:05  Pylon  
  136  10:30  Nexus  
  136  10:32  Pylon  
  136  10:34  Disruptor  
  132  10:48  Disruptor  
  138  10:50  Probe (Chrono Boost)  
  138  10:51  Probe x2 (Chrono Boost)  
  138  10:52  Pylon  
  138  10:53  Gateway  
  138  10:55  Gateway  
  138  10:56  Templar Archives  
  138  11:05  Disruptor  
  131  11:23  Stalker x4  
  131  11:24  Stalker x2, Disruptor  
  144  11:36  Disruptor  
  135  11:45  Probe (Chrono Boost)  
  135  11:46  Probe x2 (Chrono Boost)  
  137  11:48  Probe (Chrono Boost)  
  137  11:52  Stalker x5  
  137  11:53  Stalker  
  150  11:57  Assimilator  
  150  12:00  Disruptor  
  150  12:01  Assimilator  
  144  12:07  Disruptor  
  135  12:27  Protoss Shields Level 1  
  135  12:30  Photon Cannon  
  135  12:31  Photon Cannon, Stalker x5  
  135  12:32  Stalker  
  135  12:35  Disruptor  
  150  12:38  Disruptor  
  150  12:39  Probe x2 (Chrono Boost)  
  136  12:55  Stalker x3  
  142  13:09  Sentry, Disruptor, Stargate  
  142  13:10  Sentry  
  142  13:11  Disruptor  
  149  13:14  Stalker  
  149  13:15  Stalker x2  
  149  13:18  Charge  
  155  13:28  Pylon  
  149  13:40  Disruptor  
  147  13:47  Zealot x8, Disruptor  
  165  13:57  Oracle  
  168  14:09  Nexus  
  168  14:11  Disruptor  
  171  14:22  Disruptor  
  157  14:35  Zealot x8, Oracle  
  176  14:42  Pylon, Disruptor  
  164  15:26  Stalker x2  
  164  15:27  Stalker x3  
Show
View Real Time Build Order
Export as new Build Order

Patience Protoss 

Build Orders: Oracle Opening 

Get SALT Encoding   

  12  0:00  Probe (Chrono Boost)  
  13  0:11  Probe (Chrono Boost)  
  14  0:17  Pylon  
  14  0:22  Probe (Chrono Boost)  
  16  0:35  Probe (Chrono Boost)  
  16  0:36  Gateway  
  16  0:42  Assimilator  
  16  0:46  Probe (Chrono Boost)  
  17  0:51  Assimilator  
  17  0:56  Probe (Chrono Boost)  
  18  1:04  Gateway  
  18  1:07  Probe (Chrono Boost)  
  19  1:17  Probe (Chrono Boost)  
  20  1:23  Cybernetics Core  
  20  1:28  Probe (Chrono Boost)  
  21  1:34  Pylon  
  21  1:38  Probe (Chrono Boost)  
  22  1:49  Probe (Chrono Boost)  
  23  1:58  Adept  
  23  1:59  Adept  
  29  2:01  Warp Gate  
  29  2:03  Mothership Core (Chrono Boost)  
  29  2:15  Pylon  
  29  2:31  Stargate  
  29  2:46  Nexus  
  29  2:56  Probe (Chrono Boost)  
  30  3:09  Oracle  
  30  3:11  Robotics Facility  
  33  3:22  Pylon  
  33  3:24  Probe (Chrono Boost)  
  33  3:37  Probe (Chrono Boost)  
  34  3:46  Gateway  
  35  3:49  Probe (Chrono Boost)  
  35  3:51  Void Ray  
  39  4:01  Observer, Probe (Chrono Boost)  
  39  4:02  Probe (Chrono Boost)  
  42  4:08  Sentry  
  44  4:11  Probe (Chrono Boost)  
  44  4:16  Probe (Chrono Boost)  
  46  4:22  Probe (Chrono Boost)  
  47  4:25  Immortal  
  52  4:31  Probe (Chrono Boost)  
  52  4:32  Probe (Chrono Boost)  
  53  4:38  Assimilator  
  53  4:40  Pylon  
  53  4:42  Probe (Chrono Boost)  
  54  4:47  Probe (Chrono Boost)  
  54  4:49  Void Ray  
  55  4:58  Probe (Chrono Boost)  
  55  4:59  Probe (Chrono Boost)  
  61  5:05  Pylon, Warp Prism  
  61  5:10  Probe (Chrono Boost)  
  65  5:15  Probe (Chrono Boost)  
  65  5:18  Pylon  
  66  5:22  Probe (Chrono Boost), Sentry  
  66  5:23  Sentry  
  66  5:25  Adept  
  73  5:29  Probe (Chrono Boost)  
  73  5:34  Probe (Chrono Boost)  
  74  5:38  Assimilator  
  74  5:40  Twilight Council  
  74  5:41  Probe (Chrono Boost)  
  75  5:44  Observer  
  76  5:54  Probe (Chrono Boost)  
  76  5:56  Adept x3, Probe (Chrono Boost)  
  84  6:01  Pylon  
  84  6:09  Gateway  
  84  6:10  Gateway, Blink  
  84  6:13  Gateway, Observer  
  87  6:26  Probe x2 (Chrono Boost)  
  87  6:37  Forge  
  87  6:40  Robotics Bay  
  87  6:41  Immortal  
  87  6:42  Probe x2 (Chrono Boost)  
  93  6:53  Pylon  
  93  6:55  Pylon  
  93  6:58  Pylon  
  93  6:59  Probe (Chrono Boost)  
  94  7:08  Protoss Ground Weapons Level 1  
  94  7:12  Nexus  
  94  7:13  Probe (Chrono Boost)  
  95  7:24  Disruptor  
  95  7:29  Pylon, Probe x2 (Chrono Boost)  
  100  7:36  Photon Cannon  
  100  7:46  Probe (Chrono Boost)  
  100  7:47  Pylon, Probe (Chrono Boost)  
  102  7:55  Disruptor  
  102  7:59  Stalker x2  
  102  8:00  Pylon, Stalker x2  
  102  8:04  Probe (Chrono Boost)  
  115  8:06  Probe (Chrono Boost)  
  115  8:11  Stalker x2  
  119  8:19  Assimilator  
  117  8:20  Probe (Chrono Boost)  
  117  8:22  Probe (Chrono Boost)  
  117  8:23  Assimilator  
  118  8:33  Gateway  
  118  8:35  Gateway, Disruptor  
  121  8:41  Robotics Facility  
  121  8:46  Probe x2 (Chrono Boost)  
  117  9:00  Protoss Ground Weapons Level 2  
  108  9:04  Stalker x2  
  108  9:05  Stalker x4  
  108  9:06  Disruptor  
  110  9:34  Stalker x2  
  110  9:35  Stalker x4  
  122  9:38  Disruptor  
  122  9:39  Disruptor  
  128  9:53  Pylon  
  128  10:00  Nexus  
  128  10:05  Oracle  
  127  10:18  Stalker x2  
  127  10:19  Stalker x4  
  127  10:21  Adept  
  140  10:26  Disruptor  
  140  10:27  Photon Cannon  
  138  10:39  Probe (Chrono Boost)  
  138  10:40  Probe (Chrono Boost)  
  138  10:42  Disruptor  
  143  10:50  Adept x2  
  143  10:51  Adept x2  
  151  10:57  Disruptor  
  151  11:00  Probe x2 (Chrono Boost)  
  121  11:13  Disruptor  
  118  11:25  Stalker x4  
  118  11:26  Stalker x3  
  128  11:38  Stalker  
  95  11:48  Stalker  
  95  11:49  Stalker x3, Disruptor  
  95  11:50  Stalker x2  
  95  11:51  Stalker  
  101  12:15  Stalker x2, Disruptor  
  98  12:16  Stalker x5  
  111  12:23  Disruptor  
  111  12:24  Adept  
  116  12:36  Probe (Chrono Boost)  
  120  12:38  Probe x3 (Chrono Boost)  
  113  12:52  Stalker  
  113  12:53  Stalker x2  
  113  12:56  Pylon  
  117  13:01  Stalker x2  
  119  13:05  Disruptor  
  119  13:06  Disruptor  
  125  13:19  Photon Cannon  
  125  13:21  Pylon  
  125  13:25  Assimilator  
  125  13:26  Assimilator  
  111  13:45  Stalker x4  
  111  13:46  Stalker x4  
  111  13:48  Disruptor x2  
  123  14:13  Stalker x2  
  123  14:14  Stalker x3  
  133  14:19  Disruptor  
  121  14:32  Stalker x3  
  121  14:34  Pylon  
  127  14:39  Stalker x3  
  127  14:44  Stalker  
  135  14:46  Stalker  
  127  15:09  Stalker  
  127  15:10  Stalker x5  
  131  15:19  Adept x2  
Tags
 
Add a new tag
Caveats
  • Supply blocks, unpowered buildings, or Contaminate may cause inaccurate times.
  • Supply counts are checked every 10 seconds.